cohdb
Replays
Latest Replays
All Replays
Popular Replays
Top Player Replays
Match Explorer
How It Works
Community
CoH3 Stats
Reddit
Sign in to upload your games and track your stats! →
Sign in with Steam
Match 37452498
Unlisted
Match 37452498
Overview
Messages
Build Orders
End
Engineer Squad
Selects Airborne Battlegroup
Selects Heavy Machine Gun Paradrop
Heavy Machine Gun Paradrop
Construct Barracks
Riflemen Squad
Heavy Machine Gun Paradrop
Construct Medical Station
Riflemen Squad
Mechanized Support Center
Construct Motor Pool
Selects Paratrooper Squad Paradrop
Paratrooper Squad Paradrop
Paratrooper Squad Paradrop
Selects Anti-tank Gun Team Paradrop
M24 Chaffee Light Tank
Grenade Package
Selects Recon Loiter
Selects Supply Drop
Engineer Squad
M24 Chaffee Light Tank
M24 Chaffee Light Tank
Selects Dual P-47 Rocket Strike
M24 Chaffee Light Tank
Dual P-47 Rocket Strike
Dual P-47 Rocket Strike
Anti-tank Gun Team Paradrop
Dual P-47 Rocket Strike
M24 Chaffee Light Tank
M24 Chaffee Light Tank
Salvage Crew
Dual P-47 Rocket Strike
M24 Chaffee Light Tank
kaka2324
REGULATOR
0
0
Comments
sign in to comment!
No comments posted yet!